Map: Abiogenesis LE

Players

Vic - Winner!

  • Race: Zerg Zerg
  • League: Diamond
  • Spawn Location: 11:00

Selkies

  • Race: Protoss Protoss
  • League: Diamond
  • Spawn Location: 5:00

VOD

Have the link to the VOD?

Description

Time

  • Played on: April 27, 2018, 6:58 p.m.
  • Length: 13:48
Show
View Real Time Build Order
Export as new Build Order

Vic Zerg - Winner!

Build Orders: Pool First 

Get SALT Encoding   

  12  0:01  Drone  
  13  0:12  Overlord  
  13  0:17  Drone  
  14  0:30  Drone  
  14  0:31  Drone  
  16  0:36  Drone  
  17  1:02  Extractor  
  16  1:12  Spawning Pool  
  16  1:18  Drone  
  16  1:19  Drone  
  17  1:28  Hatchery  
  16  1:36  Drone  
  16  1:37  Drone  
  18  1:45  Drone  
  19  2:01  Drone  
  19  2:02  Drone  
  21  2:13  Metabolic Boost  
  21  2:16  Overlord  
  21  2:33  Drone  
  21  2:34  Queen  
  24  2:42  Hatchery  
  23  2:45  Drone x2  
  25  2:56  Queen  
  27  3:02  Zergling x2  
  27  3:03  Zergling x2  
  27  3:05  Zergling x2  
  30  3:10  Drone  
  30  3:11  Drone  
  32  3:14  Drone  
  33  3:20  Drone  
  33  3:24  Zergling x2  
  33  3:41  Drone x3  
  35  3:47  Overlord  
  35  3:50  Roach Warren  
  35  3:51  Overlord  
  35  3:55  Queen  
  36  4:04  Zergling x2  
  36  4:05  Zergling x8  
  40  4:17  Zergling x10  
  43  4:24  Drone x2  
  43  4:25  Drone  
  43  4:26  Drone  
  47  4:34  Drone  
  48  4:44  Drone  
  48  4:45  Drone  
  50  4:48  Drone  
  50  4:49  Extractor  
  50  4:59  Drone x2  
  51  5:00  Drone  
  52  5:10  Queen  
  52  5:11  Overlord  
  52  5:12  Overlord  
  50  5:35  Spore Crawler  
  50  5:36  Drone x4  
  50  5:39  Drone x2  
  50  5:40  Drone x8  
  50  5:41  Drone x2  
  65  5:44  Extractor  
  65  5:45  Extractor, Overlord  
  63  5:51  Overlord  
  63  5:55  Lair  
  63  6:00  Spore Crawler  
  63  6:03  Spore Crawler  
  61  6:04  Drone  
  61  6:05  Drone  
  63  6:15  Drone x3  
  63  6:16  Drone x3  
  69  6:21  Drone  
  69  6:22  Drone  
  69  6:24  Evolution Chamber  
  69  6:25  Evolution Chamber  
  69  6:28  Roach x2  
  69  6:29  Roach  
  75  6:38  Drone x3  
  79  6:40  Drone x3  
  79  6:42  Overlord  
  81  6:48  Overlord  
  81  6:49  Overlord x2  
  81  6:53  Zerg Missile Weapons Level 1  
  81  6:56  Zerg Ground Armor Level 1  
  81  7:04  Roach x4  
  89  7:12  Glial Reconstitution  
  89  7:14  Roach x4  
  97  7:21  Roach x4  
  104  7:34  Drone  
  111  7:37  Roach x4  
  111  7:41  Overlord x3  
  113  7:47  Hydralisk Den  
  113  7:51  Extractor, Drone x2  
  113  7:52  Extractor, Drone  
  113  7:53  Overlord x3  
  113  8:05  Roach x4  
  121  8:06  Roach  
  123  8:16  Hydralisk x6  
  123  8:18  Hydralisk  
  137  8:22  Hydralisk  
  137  8:23  Hydralisk  
  141  8:28  Hydralisk x2  
  141  8:31  Hydralisk  
  147  8:38  Hydralisk  
  147  8:40  Hydralisk x3  
  155  8:45  Drone  
  155  8:48  Hydralisk x2  
  156  8:53  Hydralisk  
  162  8:56  Overlord x3  
  162  8:59  Zerg Missile Weapons Level 2  
  162  9:05  Zerg Ground Armor Level 2  
  162  9:09  Overlord  
  162  9:14  Drone x3  
  162  9:15  Drone x2  
  162  9:16  Drone  
  168  9:23  Hydralisk x3  
  174  9:33  Grooved Spines  
  174  9:38  Hydralisk  
  174  9:39  Hydralisk x2  
  174  9:47  Hydralisk x2, Roach  
  174  9:48  Roach  
  180  9:56  Overlord x2  
  180  10:20  Hydralisk x3  
  180  10:21  Hydralisk x4  
  186  10:22  Roach x2  
  186  10:25  Hatchery  
  197  10:45  Muscular Augments  
  186  10:53  Hydralisk x3  
  186  10:54  Hydralisk, Roach x5  
  176  11:01  Roach x3  
  176  11:02  Roach x2  
  186  11:08  Roach x2  
  190  11:14  Roach  
  190  11:17  Overseer  
  192  11:19  Roach x2  
  196  11:46  Hydralisk x4  
  196  11:47  Hydralisk, Roach x8  
  188  11:48  Roach  
  174  11:56  Roach x3  
  174  11:57  Roach  
  158  12:08  Roach x3  
  158  12:09  Roach x4  
  158  12:14  Roach x5  
  158  12:15  Queen  
  182  12:33  Hydralisk x2, Roach x4  
  182  12:34  Roach x3  
  200  12:44  Infestation Pit  
  189  13:29  Roach x5  
Show
View Real Time Build Order
Export as new Build Order

Selkies Protoss 

Build Orders: 1 Gate Expand 

Get SALT Encoding   

  12  0:00  Probe  
  13  0:13  Probe  
  14  0:19  Pylon  
  14  0:25  Probe  
  15  0:40  Probe  
  15  0:42  Gateway  
  16  0:52  Probe  
  17  1:03  Assimilator  
  17  1:04  Probe  
  17  1:05  Pylon  
  18  1:16  Probe  
  19  1:28  Probe  
  20  1:37  Nexus  
  20  1:46  Probe  
  21  1:50  Cybernetics Core  
  21  2:00  Probe  
  22  2:05  Gateway  
  22  2:14  Probe  
  23  2:17  Assimilator  
  23  2:26  Probe  
  23  2:27  Pylon  
  24  2:30  Warp Gate  
  24  2:31  Adept  
  26  2:38  Probe  
  27  2:46  Probe  
  27  2:47  Probe  
  29  2:54  Probe  
  29  3:01  Adept x2  
  34  3:08  Probe  
  34  3:09  Probe  
  36  3:16  Stargate  
  36  3:20  Probe  
  36  3:21  Probe  
  38  3:32  Probe  
  38  3:33  Probe  
  38  3:44  Probe  
  38  3:45  Probe  
  38  3:47  Adept x2  
  44  3:53  Probe x2, Pylon  
  44  3:55  Pylon  
  46  4:08  Oracle  
  45  4:27  Probe x2  
  47  4:32  Robotics Facility  
  47  4:35  Probe x2  
  49  4:47  Pylon  
  49  4:48  Pylon  
  49  4:52  Twilight Council  
  49  4:53  Stalker  
  49  4:54  Stalker  
  53  5:04  Probe x2  
  55  5:07  Assimilator  
  55  5:11  Assimilator  
  55  5:16  Probe x2  
  57  5:22  Oracle  
  60  5:31  Probe x2  
  60  5:34  Resonating Glaives  
  59  5:38  Immortal  
  59  5:39  Zealot x2  
  67  5:45  Gateway  
  67  5:46  Gateway  
  67  5:48  Gateway  
  67  5:49  Gateway  
  67  6:17  Void Ray  
  71  6:22  Zealot x2  
  75  6:34  Nexus  
  75  6:37  Pylon  
  75  6:38  Pylon  
  75  6:45  Immortal  
  75  6:48  Pylon  
  75  6:52  Pylon  
  79  7:04  Pylon  
  79  7:05  Robotics Facility  
  79  7:28  Blink  
  79  7:33  Immortal  
  79  7:34  Void Ray  
  87  7:38  Stalker  
  87  7:39  Stalker x5  
  99  7:45  Probe x3  
  102  7:53  Probe x3  
  102  7:54  Immortal  
  105  8:02  Pylon  
  105  8:04  Pylon  
  109  8:10  Shield Battery  
  109  8:13  Assimilator  
  109  8:14  Probe  
  109  8:15  Probe x2  
  109  8:17  Assimilator, Void Ray  
  116  8:22  Zealot x6  
  116  8:26  Probe  
  116  8:27  Probe x2  
  130  8:32  Pylon x2  
  131  8:38  Probe  
  131  8:39  Probe x2  
  134  8:44  Forge x2  
  134  8:47  Pylon  
  134  8:48  Pylon  
  134  8:51  Probe x3, Immortal  
  134  8:55  Immortal  
  141  8:56  Void Ray  
  149  9:20  Gateway  
  149  9:21  Gateway  
  149  9:23  Gateway  
  149  9:25  Gateway  
  149  9:30  Sentry  
  149  9:31  Sentry x3  
  157  9:32  Zealot x2  
  157  9:35  Protoss Ground Armor Level 1, Protoss Ground Weapons Level 1  
  157  9:58  Observer  
  157  9:59  Warp Prism  
  160  10:01  Charge  
  160  10:05  Templar Archives  
  160  10:07  Pylon  
  160  10:08  Pylon  
  160  10:09  Pylon  
  160  10:23  Pylon  
  160  10:26  Zealot x4  
  160  10:27  Zealot x5  
  148  11:03  High Templar x6  
  160  11:07  Archon  
  160  11:08  Archon x2  
  160  11:11  Zealot x4  
  114  11:52  Zealot x4  
  78  11:55  Zealot x2  
  78  11:56  Zealot x6  
  78  11:57  Zealot x2  
  72  12:01  Immortal  
  72  12:02  Immortal  
  71  12:21  High Templar x3  
  77  12:28  High Templar  
  79  12:44  Immortal  
  83  12:47  Zealot x4  
  83  12:48  Zealot x2  
  95  12:53  Observer  
  95  13:02  Nexus  
  62  13:34  Zealot  
  62  13:35  Zealot x5  
  62  13:36  Zealot x2  
Tags
 
Add a new tag
Caveats
  • Supply blocks, unpowered buildings, or Contaminate may cause inaccurate times.
  • Supply counts are checked every 10 seconds.